Map: Golden Wall LE

Players

RyuKey

  • Race: Terran Terran
  • League: Diamond
  • Spawn Location: 7:00

FormerChild - Winner!

  • Race: Terran Terran
  • League: Diamond
  • Spawn Location: 5:00

VOD

Have the link to the VOD?

Description

Time

  • Played on: June 13, 2020, 9:34 a.m.
  • Length: 10:34
Show
View Real Time Build Order
Export as new Build Order

RyuKey Terran 

Build Orders: Reaper Expand 

Get SALT Encoding   

  12  0:01  SCV  
  13  0:13  SCV  
  14  0:18  Supply Depot  
  14  0:25  SCV  
  15  0:40  SCV  
  15  0:41  Barracks  
  16  0:45  Refinery  
  16  0:52  SCV  
  18  1:04  SCV  
  18  1:16  SCV  
  19  1:29  Reaper, Orbital Command  
  20  1:42  Command Center  
  20  1:55  SCV  
  21  2:04  Supply Depot  
  21  2:07  SCV  
  22  2:12  Factory  
  22  2:14  Marine  
  23  2:22  SCV  
  23  2:31  Refinery  
  23  2:32  Marine  
  23  2:34  SCV  
  25  2:45  Barracks  
  25  2:47  SCV  
  25  2:50  Marine  
  26  2:59  SCV  
  26  3:00  Hellion  
  29  3:08  Orbital Command, Marine  
  29  3:11  SCV, Starport  
  29  3:21  Hellion  
  29  3:23  SCV  
  32  3:33  Marine x2  
  32  3:40  SCV  
  33  3:42  Widow Mine  
  35  3:51  Marine  
  36  3:58  Marine  
  36  4:00  Orbital Command  
  37  4:04  Hellion  
  37  4:07  SCV  
  37  4:09  Marine  
  41  4:15  Marine  
  42  4:19  SCV  
  42  4:20  Starport Tech Lab  
  43  4:25  Hellion  
  43  4:27  Marine  
  46  4:33  Marine  
  46  4:35  Orbital Command  
  42  4:42  Banshee  
  42  4:44  SCV  
  46  4:51  Supply Depot  
  46  4:52  Factory Tech Lab  
  46  4:54  Barracks Tech Lab  
  46  4:55  Command Center  
  46  4:56  Bunker  
  46  5:00  Barracks Reactor  
  46  5:12  SCV x2, Siege Tank  
  51  5:14  Stimpack  
  51  5:20  Marine  
  52  5:25  SCV x2  
  54  5:36  Supply Depot  
  54  5:41  Supply Depot  
  54  5:44  SCV x2, Marine x3, Banshee  
  62  5:59  Cyclone  
  62  6:02  Marine x2  
  65  6:04  SCV  
  65  6:05  SCV  
  65  6:08  Marine  
  68  6:16  SCV  
  69  6:19  SCV  
  69  6:20  Orbital Command, Marine x2  
  72  6:26  Marine  
  72  6:29  SCV, Barracks  
  72  6:32  SCV, Barracks  
  75  6:33  Supply Depot  
  75  6:38  Marine  
  75  6:39  Marine  
  76  6:41  SCV  
  76  6:43  Marine  
  76  6:44  SCV  
  80  6:55  Marine, Siege Tank  
  80  6:56  SCV x2  
  80  6:57  SCV, Marine  
  85  7:11  SCV  
  78  7:25  Barracks Reactor x2, Combat Shield  
  78  7:26  Marine x3  
  81  7:44  Marine x2  
  81  7:48  Orbital Command  
  81  7:49  Marine, Siege Tank  
  81  7:51  SCV x2  
  86  8:02  Marine x2  
  86  8:03  SCV  
  89  8:06  Marine  
  89  8:07  SCV  
  89  8:10  Supply Depot  
  91  8:15  SCV  
  89  8:20  Marine x2  
  89  8:21  Siege Tank  
  89  8:22  SCV x2  
  89  8:24  Marine  
  73  8:37  Marine  
  73  8:38  Marine x3  
  73  8:39  Marine x2  
  78  8:42  Marine  
  81  8:55  Marine  
  81  8:56  Marine x4  
  81  8:57  Marine  
  81  9:00  Marine  
  85  9:04  SCV  
  85  9:05  Siege Tank  
  87  9:13  Starport Reactor, Factory  
  82  9:22  Marine x2  
  82  9:23  Marine x5  
  83  9:40  Marine x3  
  83  9:41  Marine x2  
  83  9:42  SCV  
  89  9:50  Siege Tank  
  89  9:52  Armory  
  89  9:55  SCV  
  89  9:56  SCV  
  93  10:00  Medivac x2  
  93  10:04  Marine x4  
  93  10:05  Marine x3  
Show
View Real Time Build Order
Export as new Build Order

FormerChild Terran - Winner!

Build Orders:  

Get SALT Encoding   

  12  0:00  SCV  
  13  0:13  SCV  
  14  0:17  Supply Depot  
  14  0:25  SCV  
  15  0:39  SCV  
  15  0:40  Barracks  
  16  0:46  Refinery  
  16  0:51  SCV  
  16  0:55  Refinery  
  17  1:03  SCV  
  18  1:15  SCV  
  19  1:28  Supply Depot, Reaper  
  19  1:29  Orbital Command  
  20  1:48  Factory  
  21  1:54  SCV  
  21  2:00  Reaper  
  22  2:06  SCV  
  23  2:18  SCV  
  24  2:30  SCV, Supply Depot  
  24  2:32  Reaper  
  24  2:34  Hellion  
  28  2:42  SCV  
  29  2:59  Hellion  
  29  3:04  Reaper  
  32  3:09  SCV, Command Center  
  32  3:12  Starport  
  33  3:21  SCV  
  34  3:33  SCV  
  36  3:34  Hellion  
  36  3:36  Reaper  
  37  3:42  Supply Depot  
  37  3:45  SCV  
  38  4:03  Viking  
  38  4:04  Hellion  
  38  4:06  SCV  
  38  4:08  Reaper  
  44  4:10  Supply Depot  
  44  4:18  SCV  
  44  4:28  Orbital Command  
  44  4:33  Viking  
  42  4:38  SCV  
  42  4:44  Refinery  
  43  4:48  Factory Tech Lab  
  43  4:49  Barracks Tech Lab  
  43  4:51  SCV  
  44  4:54  SCV  
  44  4:56  Command Center  
  45  5:03  SCV  
  45  5:06  SCV  
  47  5:14  Starport Tech Lab  
  47  5:15  SCV  
  47  5:18  Siege Tank  
  47  5:19  SCV, Marine, Starport  
  47  5:20  Stimpack  
  53  5:27  SCV  
  54  5:29  Supply Depot  
  54  5:31  SCV  
  54  5:35  Banshee  
  58  5:36  Cloaking Field, Marine  
  58  5:39  SCV  
  60  5:43  SCV  
  61  5:51  SCV  
  62  5:58  Siege Tank  
  62  5:59  Viking  
  67  6:05  SCV x2  
  67  6:07  Refinery  
  67  6:08  Orbital Command  
  69  6:12  Marine  
  69  6:17  SCV  
  69  6:18  SCV, Viking, Barracks  
  74  6:30  SCV x2, Marine  
  77  6:35  SCV  
  78  6:42  SCV x2  
  80  6:47  SCV, Marine  
  80  6:48  Siege Tank  
  80  6:51  Supply Depot  
  80  6:54  SCV x2  
  87  6:55  Hyperflight Rotors  
  87  6:59  SCV  
  87  7:13  SCV x3  
  87  7:14  Supply Depot  
  90  7:25  SCV  
  90  7:28  SCV x2  
  87  7:32  Barracks Reactor  
  87  7:34  Combat Shield, Marine  
  87  7:36  Supply Depot  
  86  7:37  SCV  
  86  7:40  SCV x2  
  86  7:43  Armory  
  86  7:44  Armory  
  86  7:45  Engineering Bay  
  86  7:46  Engineering Bay  
  86  7:49  SCV  
  86  7:50  Command Center  
  82  7:52  SCV, Marine  
  82  7:53  SCV  
  82  7:54  Viking x2, Siege Tank  
  88  8:01  SCV  
  88  8:05  SCV  
  87  8:08  SCV  
  87  8:09  Marine  
  84  8:13  SCV  
  84  8:17  SCV  
  84  8:27  Marine  
  84  8:30  SCV x3  
  81  8:35  Viking x2  
  85  8:42  SCV x3  
  88  8:54  SCV x2  
  90  9:00  Marine x3  
  90  9:02  Siege Tank  
  91  9:05  Liberator x2  
  97  9:16  SCV x3  
  100  9:17  Orbital Command  
  100  9:18  Marine x3  
  103  9:28  SCV x3  
  106  9:31  Refinery  
  100  9:40  SCV x3, Marine x3  
  100  9:45  SCV, Supply Depot  
  106  9:46  Supply Depot  
  106  9:47  Supply Depot  
  106  9:50  Liberator, Siege Tank  
  106  9:52  SCV x3  
  116  9:58  SCV, Marine x3, Starport  
  120  10:01  Starport  
  120  10:04  SCV x3  
  123  10:10  SCV  
  124  10:16  Marine x3  
  130  10:22  SCV  
Tags
 
Add a new tag
Caveats
  • Supply blocks, unpowered buildings, or Contaminate may cause inaccurate times.
  • Supply counts are checked every 10 seconds.